 Dungeon Crawl Stone Soup version 0.17.1-1-g73c8601 (webtiles) character file.

271 JustSomeDude the Sneak (level 6, -2/46 HPs)
             Began as a Demonspawn Assassin on Dec 16, 2015.
             Was an Initiate of Dithmenos.
             Slain by JustSomeDude's ghost (8 damage)
             ... on level 4 of the Dungeon.
             The game lasted 00:13:07 (3300 turns).

JustSomeDude the Sneak (Demonspawn Assassin)        Turns: 3300, Time: 00:13:08

Health: -2/46      AC:  4    Str: 12    XL:     6   Next: 2%
Magic:  6/6        EV: 16    Int: 12    God:    Dithmenos [......]
Gold:   175        SH:  0    Dex: 16    Spells: 0 memorised, 5 levels left

rFire  . . .     SeeInvis .     a - +2 dagger
rCold  . . .     Clarity  .     w - troll hide {Purgy}
rNeg   . . .     SustAt   .     (no shield)
rPois  .         Gourm    .     (no helmet)
rElec  .         Spirit   .     d - +0 cloak
rCorr  .         Warding  .     q - +0 pair of gloves
rMut   .         Stasis   .     (no boots)
MR     .....                    (no amulet)
Stlth  +++.......               (no ring)
                                (no ring)

@: not resistant to hostile enchantments, fairly stealthy
A: talons 1, repulsion field 2, spiny 1
a: Renounce Religion


You were on level 4 of the Dungeon.
You worshipped Dithmenos.
Dithmenos was noncommittal.
You were hungry.

You visited 1 branch of the dungeon, and saw 4 of its levels.

You collected 175 gold pieces.

Inventory:

Hand Weapons
 a - a +2 dagger (weapon)
 b - a +0 blowgun
Missiles
 e - 63 poisoned needles
 x - 2 curare-tipped needles
 B - 5 bolts
Armour
 c - a +0 robe
 d - a +0 cloak (worn)
 q - a +0 pair of gloves (worn)
 w - a troll hide (worn) {Purgy}
Jewellery
 p - an uncursed ring of see invisible {unknown}
 t - an uncursed ring of protection from magic {unknown}
Scrolls
 f - a scroll of immolation {unknown}
 h - 2 scrolls of identify {unknown}
 k - a scroll of magic mapping {unknown}
 m - 2 scrolls of enchant weapon {unknown}
 o - 2 scrolls of teleportation
 r - a scroll of amnesia {unknown}
 s - a scroll of noise {unknown}
 y - a scroll of enchant armour {unknown}
 A - a scroll of recharging {unknown}
Potions
 i - 2 potions of haste {unknown}
 l - 2 potions of mutation {unknown}
 n - 2 potions of curing {unknown}
 z - a potion of brilliance {unknown}
Books
 v - a Fen Folio

   Spells                             Type                      Level
   a - Corpse Rot                     Necromancy                   2
   b - Stone Arrow                    Conjuration/Earth            3
   c - Leda's Liquefaction            Hexes/Earth                  4
   d - Summon Forest                  Summoning/Translocation      5
   e - Hydra Form                     Transmutation                6
   f - Summon Hydra                   Summoning                    7
Comestibles
 g - 2 bread rations
 j - 2 slices of pizza
 u - a meat ration


   Skills:
 + Level 2.6 Fighting
 + Level 2.2 Short Blades
 + Level 2.0 Throwing
 + Level 0.3 Armour
 + Level 3.1 Dodging
 + Level 5.4 Stealth


You had 5 spell levels left.
You didn't know any spells.

Dungeon Overview and Level Annotations

Branches:
Dungeon (4/15)
 Temple: D:4-7

Altars:
Dithmenos
Elyvilon

Annotations:
D:4 JustSomeDude's ghost, amateur DsAs


Innate Abilities, Weirdness & Mutations

You have sharp toenails.
You are surrounded by a moderate repulsion field (EV +3).
You are partially covered in sharp spines.


Message History

JustSomeDude's ghost hits you! JustSomeDude's ghost freezes you.
You hit JustSomeDude's ghost.
You claw JustSomeDude's ghost, but do no damage.
JustSomeDude's ghost is almost destroyed.
JustSomeDude's ghost hits you!
* * * LOW HITPOINT WARNING * * *
JustSomeDude's ghost freezes you.
* * * LOW HITPOINT WARNING * * *
Drink which item? (? for menu, Esc to quit)
Okay, then.
Read which item? (? for menu, Esc to quit)
Okay, then.
You hit JustSomeDude's ghost but do no damage.
You claw JustSomeDude's ghost, but do no damage.
JustSomeDude's ghost is almost destroyed.
JustSomeDude's ghost hits you but does no damage.
You hit JustSomeDude's ghost.
JustSomeDude's ghost is almost destroyed.
JustSomeDude's ghost hits you!
You die...

###### ### #....# ....
#.##.########## ####
#... ####.W...........#
...#
#....##...@#########.#.#
...##. ###....##.# #.#.#
...........##.##.# #(..#
...# .####.##....# #####
...#W............#
.....#######.###.#
.................#
.##.########.##.## ....#
#....####


You could see JustSomeDude's ghost.

Vanquished Creatures
  Purgy (D:3)
  A centaur skeleton (D:3)
  A giant frog skeleton (D:4)
  Robin (D:2)
  5 adders
  An ooze (D:1)
  A worm (D:3)
  3 giant geckos
  2 giant cockroaches
  17 goblins
  10 hobgoblins
  A quokka (D:3)
  7 bats
  4 giant newts
  A jackal skeleton (D:4)
  6 kobolds
  9 rats
71 creatures vanquished.

Notes
Turn   | Place    | Note
--------------------------------------------------------------
     0 | D:1      | JustSomeDude the Demonspawn Assassin began the quest for the Orb.
     0 | D:1      | Reached XP level 1. HP: 16/16 MP: 1/1
    72 | D:1      | Reached skill level 1 in Dodging
   224 | D:1      | Reached skill level 4 in Stealth
   310 | D:1      | Gained mutation: You are surrounded by a mild repulsion field (EV +2). [demonic ancestry]
   310 | D:1      | Reached XP level 2. HP: 20/22 MP: 2/2
   720 | D:2      | Reached XP level 3. HP: 27/27 MP: 3/3
   803 | D:2      | Noticed Robin
   876 | D:2      | Killed Robin
  1186 | D:2      | Gained mutation: You are surrounded by a moderate repulsion field (EV +3). [demonic ancestry]
  1186 | D:2      | Reached XP level 4. HP: 30/33 MP: 4/4
  2004 | D:3      | Reached skill level 5 in Stealth
  2144 | D:3      | Noticed Purgy
  2411 | D:3      | Killed Purgy
  2411 | D:3      | Gained mutation: You are partially covered in sharp spines. [demonic ancestry]
  2411 | D:3      | Reached XP level 5. HP: 4/39 MP: 5/5
  2897 | D:3      | Found a white marble altar of Elyvilon.
  2899 | D:3      | Found a shadowy altar of Dithmenos.
  3036 | D:3      | Became a worshipper of Dithmenos the Shadowed
  3177 | D:4      | Gained mutation: You have sharp toenails. [demonic ancestry]
  3177 | D:4      | Reached XP level 6. HP: 46/46 MP: 6/6
  3188 | D:4      | Noticed JustSomeDude's ghost (amateur DsAs)
  3300 | D:4      | Slain by JustSomeDude's ghost

Action                   |  1- 3 |  4- 6 || total
-------------------------+-------+-------++-------
Melee: Dagger            |   149 |   116 ||   265
 Fire: Blowgun           |       |     6 ||     6
  Use: Scroll            |       |     1 ||     1
 Stab: Sleeping          |    11 |    11 ||    22
  Eat: Bread ration      |       |     1 ||     1
       Pizza             |       |     1 ||     1
       Chunk             |       |     1 ||     1
